 Dungeon Crawl Stone Soup version 0.27-a0-1579-g97d2440184 (webtiles) character file.

Game seed: 12803526505505570583

8 mandarbmax the Insei (level 2, -4/18 HPs)
             Began as an Octopode Transmuter on July 18, 2021.
             Slain by a kobold (5 damage)
             ... on level 1 of the Dungeon.
             The game lasted 00:00:33 (978 turns).

mandarbmax the Insei (Octopode Transmuter)           Turns: 978, Time: 00:00:33

Health: -4/18      AC:  1    Str:  9    XL:     2   Next: 8%
Magic:  4/5        EV: 13    Int: 15    God:
Gold:   15         SH:  0    Dex: 12    Spells: 4/5 levels left

rFire    . . .     SeeInvis .     - Unarmed
rCold    . . .     Faith    .   (no shield)
rNeg     . . .     Spirit   .   (helmet restricted)
rPois    .         Reflect  .   (no amulet)
rElec    .         Harm     .   (no ring)
rCorr    .         Rampage  .   (no ring)
Will     .....                  (no ring)
Stlth    ++........             (no ring)
HPRegen  0.06/turn              (no ring)
MPRegen  0.09/turn              (no ring)
                                (no ring)
                                (no ring)

@: no status effects
A: almost no armour, amphibious, 8 rings, camouflage 1, gelatinous body 1,
(nimble swimmer 1), tentacles
a: no special abilities


You were on level 1 of the Dungeon.
You visited 1 branch of the dungeon, and saw 1 of its levels.

You collected 15 gold pieces.

Inventory:

Scrolls
 a - a scroll of fog {unknown}


   Skills:
 - Level 1.0 Fighting
 - Level 2.0 Dodging
 + Level 3.5 Unarmed Combat
 - Level 2.0 Spellcasting
 - Level 2.0 Transmutations


You had 4 spell levels left.
You knew the following spells:

 Your Spells              Type           Power      Damage    Failure   Level
a - Beastly Appendage     Tmut           14%        N/A       10%         1

Your spell library contained the following spells:

 Spells                   Type           Power      Damage    Failure   Level
 Wereblood                Tmut           7%         N/A       14%         2
 Spider Form              Tmut/Pois      2%         N/A       41%         3
 Ice Form                 Ice/Tmut       4%         N/A       82%         4


Dungeon Overview and Level Annotations

Branches:
Dungeon (1/15)

Altars:


Innate Abilities, Weirdness & Mutations

You cannot wear most types of armour.
You are amphibious.
You can wear up to eight rings at the same time.
Your skin changes colour to match your surroundings (Stealth+).
Your rubbery body absorbs attacks. (AC +1, EV +1)
((You are camouflaged near water. (Stealth+)))
You have tentacles for arms and can constrict up to eight enemies at once.


Message History

A kobold comes into view. It is wielding a +0 whip.
You closely miss the rat.
The kobold shouts!
Your grab misses the rat.
Your tentacle spike misses the rat.
The rat misses you.
You barely miss the rat. Your grab misses the rat.
You pierce the rat, but do no damage.
The rat bites you.
You tentacle-slap the rat but do no damage.
You grab the rat.
You pierce the rat, but do no damage.
You squeeze the rat.
The rat is heavily wounded.
Your transformation is almost over.
You constrict the rat.
You kill the rat!
A kobold comes into view. It is wielding a +0 whip.
A quokka comes into view.
The kobold barely misses you.
You see here a rat corpse.
You closely miss the kobold. Your grab misses the kobold.
Your tentacle spike misses the kobold.
The kobold hits you with a +0 whip.
A goblin comes into view. It is wielding a +0 club.
You closely miss the kobold.
The goblin shouts!
You grab the kobold.
You pierce the kobold.
You squeeze the kobold, but do no damage.
The kobold is moderately wounded.
You constrict the kobold.
You hear a shout!
The kobold escapes!
The kobold throws a stone.
The stone hits you.
You tentacle-slap the kobold.
You kill the kobold!
The kobold throws a stone.
The stone closely misses you.
Your tentacle spike disappears.
The kobold hits you with a +0 short sword.
You barely miss the kobold. Your grab misses the kobold.
The kobold hits you with a +0 short sword.
* * * LOW HITPOINT WARNING * * *
You closely miss the kobold. You grab the kobold.
You constrict the kobold, but do no damage.
The kobold hits you with a +0 short sword.
You die...

###### # .###....### #..
..........######## #.#
####...†#........# #..
#....#........# #.
#....#........######. .
##.#.#..(............ ..
#.#.#........# ##...
...##.#@#........# #....
......#K#####...####....
....#.rK# ###....#....
#...)g# ####...##.
###.#.# ##..##. #.#.#
....##. #.#.. ...######
# #.. ...## #### #..^ ..
####...


You could see a quokka, a goblin and 2 kobolds.

Vanquished Creatures
  A ball python (D:1)
  An endoplasm (D:1)
  A quokka (D:1)
  3 bats (D:1)
  A kobold (D:1)
  A rat (D:1)
8 creatures vanquished.

Notes
Turn   | Place    | Note
-------+----------+-------------------------------------------
     0 | D:1      | mandarbmax the Octopode Transmuter began the quest for the
                  | Orb.
     0 | D:1      | Reached XP level 1. HP: 13/13 MP: 3/3
   964 | D:1      | Reached XP level 2. HP: 18/18 MP: 3/5
   978 | D:1      | Slain by a kobold

Illustrated notes

Levels and vault maps discovered:
D:1:      dpeg_arrival_snail, layout_rooms, chequers_serial_rivers_micro_a,
          minmay_octomino_j4

Action                   || total
-------------------------++-------
Melee: Unarmed           ||    27
       Kick              ||     8
       Constrict         ||     7
       Tentacles         ||     3
 Cast: Beastly Appendage ||     5
Armor: Skin              ||     4
Dodge: Dodged            ||    19

Table legend: (Time is in decaauts)
 A = Elapsed time spent in this place.
 B = Non-inter-level travel time spent in this place.
 C = Inter-level travel time spent in this place.
 D = Time resting spent in this place.
 E = Time spent auto-exploring this place.
 F = Levels seen in this place.
 G = Mean time per level.
                   A        B        C        D        E       F      G
               +--------+--------+--------+--------+--------+-----+--------+
         Total |    976 |    976 |      0 |    606 |    298 |   1 |  976.0 |
       Dungeon |    976 |    976 |      0 |    606 |    298 |   1 |  976.0 |
               +--------+--------+--------+--------+--------+-----+--------+

Top non-repeatable levels by time:
     D:1: 976 daAuts
